 Dungeon Crawl Stone Soup version 0.21.1-1-g345015fe64 (webtiles) character file.

3090 BlackRum the Conjurer (level 9, -16/72 HPs)
             Began as a Pale Draconian Conjurer on Apr 12, 2018.
             Demolished by a two-headed ogre
             ... wielding a +0 giant club
              (26 damage)
             ... on level 8 of the Dungeon on Apr 18, 2018.
             The game lasted 00:43:56 (8750 turns).

BlackRum the Conjurer (Pale Draconian Conjurer)     Turns: 8750, Time: 00:43:57

Health: -16/72     AC:  7    Str: 14    XL:     9   Next: 59%
Magic:  13/17      EV: 13    Int: 15    God:
Gold:   348        SH:  0    Dex: 12    Spells: 9/19 levels left

rFire    . . .     SeeInvis .   q - +3 halberd (venom)
rCold    . . .     Gourm    .   (shield currently unavailable)
rNeg     . . .     Faith    .   (armour unavailable)
rPois    +         Spirit   .   (helmet restricted)
rElec    .         Reflect  .   (no cloak)
rCorr    .         Harm     .   (no gloves)
MR       .....                  (no boots)
Stlth    ++........             (no amulet)
HPRegen  0.22/turn              A - ring of poison resistance
MPRegen  0.15/turn              (no ring)

@: no status effects
A: breathe steam, unfitting armour, cold-blooded, AC +7
a: Breathe Steam


You were on level 8 of the Dungeon.
You were hungry.

You visited 1 branch of the dungeon, and saw 8 of its levels.

You collected 348 gold pieces.

Inventory:

Hand Weapons
 f - a +0 club
 i - a +0 dagger
 k - a +0 mace
 q - a +3 halberd of venom (weapon)
Magical Staves
 n - an uncursed staff of poison
Jewellery
 A - a ring of poison resistance (left hand)
 B - an uncursed ring of magical power {unknown}
Wands
 o - a wand of flame (27)
 s - a wand of acid (3)
 w - a wand of scattershot (4)
 y - a wand of paralysis (11)
Scrolls
 d - a scroll of fear
 l - a scroll of brand weapon {unknown}
 p - 5 scrolls of remove curse
 u - a scroll of enchant armour {unknown}
Potions
 c - a potion of might {unknown}
 e - a potion of heal wounds {unknown}
 g - a potion of agility {unknown}
 h - 3 potions of berserk rage
 j - a potion of resistance {unknown}
 m - 4 potions of curing
 r - a potion of haste {unknown}
 t - a potion of magic {unknown}
 v - a potion of flight {unknown}
 z - a potion of lignification {unknown}
Books
 a - a book of Conjurations

   Spells                             Type                      Level
   a - Magic Dart                     Conjuration                  1
   b - Searing Ray                    Conjuration                  2
   c - Dazzling Spray                 Conjuration/Hexes            3
   d - Fulminant Prism                Conjuration/Hexes            4
   e - Force Lance                    Conjuration/Translocation    4
   f - Iskenderun's Mystic Blast      Conjuration                  4
 x - a book of Debilitation

   Spells                             Type                      Level
   a - Corona                         Hexes                        1
   b - Slow                           Hexes                        2
   c - Inner Flame                    Hexes/Fire                   3
   d - Portal Projectile              Hexes/Translocation          3
   e - Cause Fear                     Hexes                        4
   f - Leda's Liquefaction            Hexes/Earth                  4
Comestibles
 b - 8 rations


   Skills:
 + Level 4.5 Fighting
 + Level 0.7 Short Blades
 + Level 0.6 Maces & Flails
 + Level 7.2 Polearms
 + Level 3.7 Dodging
 + Level 3.3 Stealth
 + Level 5.9 Spellcasting
 + Level 7.8 Conjurations


You had 9 spell levels left.
You knew the following spells:

 Your Spells              Type           Power        Failure   Level  Hunger
a - Magic Dart            Conj           ####         1%          1    None
b - Searing Ray           Conj           ####..       1%          2    #......
c - Iskenderun's Mystic   Conj           ####....     6%          4    ####...
d - Dazzling Spray        Conj/Hex       ###...       9%          3    ###....


Dungeon Overview and Level Annotations

Branches:
Dungeon (8/15)             Temple (0/1) D:6
   Lair: D:8-11

Altars:
Ashenzari
Cheibriados
Dithmenos
Elyvilon
Sif Muna
Trog
Zin
The Shining One

Shops:
D:5 [


Innate Abilities, Weirdness & Mutations

You can breathe blasts of scalding, opaque steam.
Your pale cyan-grey scales are hard. (AC +7)
You cannot fit into any form of body armour.
You are cold-blooded and may be slowed by cold attacks.


Message History

Aiming: Magic Dart
Press: ? - help, Shift-Dir - straight line, f/p - two-headed ogre
Aim: a two-headed ogre, wielding a giant club and a giant spiked club (lightly wounded)
The magic dart hits the two-headed ogre.
The two-headed ogre is lightly wounded.
Casting: Magic Dart
Confirm with . or Enter, or press ? or * to list all spells.
Aiming: Magic Dart
Press: ? - help, Shift-Dir - straight line, f/p - two-headed ogre
Aim: a two-headed ogre, wielding a giant club and a giant spiked club (lightly wounded)
The magic dart hits the two-headed ogre.
The two-headed ogre is moderately wounded.
The two-headed ogre hits you with a giant club!
The two-headed ogre hits you with a giant spiked club!!
You slash the two-headed ogre!
The two-headed ogre is poisoned.
The two-headed ogre is heavily wounded.
The two-headed ogre hits you with a giant club!!
* * * LOW HITPOINT WARNING * * *
The two-headed ogre hits you with a giant spiked club!!
You die...

..# .....## ... #$#
....... #..
#.##.##.# .......
#.. #.##.##.#
....... ..#
#.##.##.# .....
##.## #.##.##.# .o.
#...# #.##.##.##.#
#...#####.##.##.#O#
..........##.##.@##
.<.........#......#
...<..####.........#
#...### #######..#.#
#...# #..#.# ##^##
#..# . #.# ...# #
#.. #.## #.#


You could see a two-headed ogre and an orc.

Vanquished Creatures
  The ghost of htuhola the Thaumaturge, a novice DsWz of Sif Muna (D:8)
  Pikel (D:7)
  The ghost of KleinerIrrer the Insei, an amateur OpTm (D:4)
  A hippogriff (D:7)
  Eustachio (D:3)
  Menkaure (D:6)
  2 water moccasins
  4 ogres
  A centaur (D:7)
  A bullfrog (D:6)
  Blork the orc (D:4)
  2 scorpions (D:6)
  A howler monkey (D:4)
  2 bullfrog skeletons
  An orc priest (D:5)
  4 orc wizards
  A hound (D:2)
  Crazy Yiuf (D:3)
  2 centaur skeletons (D:7)
  Ijyb (D:4)
  A worker ant (D:8)
  A killer bee zombie (D:7)
  2 hound zombies
  6 gnolls
  A howler monkey skeleton (D:6)
  7 adders
  2 river rats (D:6)
  2 shadow imps (D:6)
  An ooze (D:2)
  3 worms
  A leopard gecko (D:2)
  16 orcs
  A ball python (D:6)
  4 bats
  11 giant cockroaches
  8 goblins
  5 hobgoblins
  2 jackals (D:3)
  2 kobolds (D:3)
  2 quokkas (D:6)
  4 frilled lizards
  A quokka skeleton (D:4)
  3 rats
116 creatures vanquished.

Vanquished Creatures (others)
  A hungry ghost (D:7)
  A slave (D:7)
  A hound (D:7)
  An orc (D:7)
  A giant cockroach (D:7)
5 creatures vanquished.

Grand Total: 121 creatures vanquished

Notes
Turn   | Place    | Note
-------+----------+-------------------------------------------
     0 | D:1      | BlackRum the Draconian Conjurer began the quest for the Orb.
     0 | D:1      | Reached XP level 1. HP: 14/14 MP: 3/3
   675 | D:2      | Reached XP level 2. HP: 20/20 MP: 0/5
   740 | D:2      | Found a white marble altar of Elyvilon.
   807 | D:2      | Reached XP level 3. HP: 26/26 MP: 0/6
   811 | D:2      | Learned a level 2 spell: Searing Ray
   931 | D:2      | Reached skill level 5 in Conjurations
   969 | D:2      | Reached XP level 4. HP: 31/33 MP: 4/7
  2210 | D:3      | Found a runed door.
  2214 | D:3      | Noticed Crazy Yiuf
  2219 | D:3      | Killed Crazy Yiuf
  2219 | D:3      | Reached XP level 5. HP: 23/39 MP: 2/8
  2452 | D:3      | Learned a level 4 spell: Iskenderun's Mystic Blast
  2659 | D:4      | Noticed Eustachio
  2760 | D:3      | Killed Eustachio
  2760 | D:3      | Reached skill level 1 in Fighting
  2760 | D:3      | Reached skill level 1 in Polearms
  2760 | D:3      | Reached XP level 6. HP: 10/47 MP: 3/10
  3499 | D:4      | Noticed KleinerIrrer's ghost (amateur OpTm)
  3516 | D:4      | Killed KleinerIrrer's ghost
  3516 | D:4      | Your scales start taking on a pale cyan-grey colour.
  3516 | D:4      | Reached XP level 7. HP: 16/53 MP: 3/12
  3792 | D:4      | Noticed Blork the orc
  3806 | D:4      | Killed Blork the orc
  4002 | D:4      | Learned a level 3 spell: Dazzling Spray
  4145 | D:4      | Noticed Ijyb
  4155 | D:4      | Killed Ijyb
  4356 | D:5      | Entered Level 5 of the Dungeon
  4356 | D:5      | Found Ogistom's Armour Emporium.
  4610 | D:5      | Found a glowing golden altar of the Shining One.
  4746 | D:5      | Found a deep blue altar of Sif Muna.
  5386 | D:6      | Found a staircase to the Ecumenical Temple.
  5559 | D:6      | Noticed Menkaure
  5566 | D:6      | Killed Menkaure
  5566 | D:6      | Reached XP level 8. HP: 62/62 MP: 6/14
  6865 | D:6      | Reached skill level 5 in Spellcasting
  7043 | D:7      | Found a glowing silver altar of Zin.
  7043 | D:7      | Found a bloodstained altar of Trog.
  7070 | D:7      | Noticed a hippogriff
  7073 | D:7      | Reached skill level 5 in Polearms
  7111 | D:7      | Found a shattered altar of Ashenzari.
  7295 | D:7      | Noticed Pikel
  7305 | D:7      | Paralysed by Pikel for 6 turns
  7311 | D:7      | Killed Pikel
  7311 | D:7      | Reached XP level 9. HP: 27/71 MP: 11/17
  7585 | D:7      | Found a shadowy altar of Dithmenos.
  8390 | D:7      | Found a snail-covered altar of Cheibriados.
  8432 | D:8      | Noticed htuhola's ghost (novice DsWz)
  8673 | D:8      | Killed htuhola's ghost
  8742 | D:8      | Noticed a two-headed ogre
  8750 | D:8      | Demolished by a two-headed ogre

Skill      XL: |  1  2  3  4  5  6  7  8  9 |
---------------+----------------------------+-----
Dodging        | 2 3 |  3.7
Conjurations   | 5 6 7 |  7.8
Stealth        | 2 3 |  3.3
Fighting       | 1 2 3 4 |  4.5
Polearms       | 1 2 3 5 7 |  7.2
Spellcasting   | 3 4 5 |  5.9
Short Blades   | |  0.7
Maces & Flails | |  0.6

Action                   |  1- 3 |  4- 6 |  7- 9 || total
-------------------------+-------+-------+-------++-------
Melee: Dagger            |    15 |       |       ||    15
       Club              |     1 |       |       ||     1
       Tailslap          |     1 |     1 |    11 ||    13
       Mace              |     6 |     4 |       ||    10
       Halberd           |       |    31 |   139 ||   170
 Cast: Magic Dart        |    30 |    79 |   184 ||   293
       Searing Ray       |       |     6 |     6 ||    12
       Iskenderun's Myst |       |       |     1 ||     1
  Use: Scroll            |     4 |     7 |     5 ||    16
       Potion            |       |     1 |     1 ||     2
  Eat: Chunk             |       |     2 |       ||     2
       Ration            |       |     2 |     5 ||     7
Armor: Skin              |     9 |    14 |    48 ||    71
Dodge: Dodged            |    15 |    24 |    83 ||   122
